 Dungeon Crawl Stone Soup version 0.19.1-28-ge1247f7 (webtiles) character file.

320473 Alarkh the Executioner (level 20, -1/189 HPs)
             Began as a Pale Draconian Monk on Jan 18, 2017.
             Was the Champion of Trog.
             Slain by an ironheart preserver
             ... wielding a cursed -1 great mace
              (14 damage)
             ... on level 4 of the Vaults on Jan 21, 2017.
             The game lasted 01:24:11 (39262 turns).

Alarkh the Executioner (Pale Draconian Monk)       Turns: 39262, Time: 01:24:12

Health: -1/189     AC: 17    Str: 17    XL:     20   Next: 96%
Magic:  20/20      EV: 38    Int: 15    God:    Trog [******]
Gold:   1179       SH:  0    Dex: 34    Spells: 0 memorised, 19 levels left

rFire  + . .     SeeInvis +     x - +8 battleaxe of the Thing {speed, -Tele rF+ rN++ SInv}
rCold  + + .     Gourm    .     (armour unavailable)
rNeg   + + .     Faith    .     (shield currently unavailable)
rPois  +         Spirit   .     (helmet restricted)
rElec  .         Reflect  .     K - +0 cloak "Mita" {rPois MR+ Int-2 Dex+10}
rCorr  .         Harm     .     M - +2 pair of gloves {Dex+3}
MR     +++++     NoTele   +     i - +2 pair of boots
Stlth  +++++.....               r - amulet of regeneration
                                W - ring "Ujeotony" {rC+ MR+ Slay+3}
                                n - ring "Retz" {rC+ Str+3 SInv}

@: agile, exhausted, regenerating, slowed, very slow
A: breathe steam, unfitting armour, cold-blooded, AC +10
a: Breathe Steam, Berserk, Trog's Hand, Brothers in Arms, Burn Spellbooks,
Renounce Religion
}: 1/15 runes: serpentine


You were on level 4 of the Vaults.
You worshipped Trog.
Trog was exalted by your worship.
You were near starving.

You visited 6 branches of the dungeon, and saw 32 of its levels.
You also visited: Ossuary and Ice Cave.

You collected 3332 gold pieces.
You spent 2153 gold pieces at shops.

Inventory:

Hand Weapons
 a - the +9 executioner's axe "Owynt" {chop, rPois}
   (Trog gifted it to you on level 13 of the Dungeon)

   It inflicts extra damage upon your enemies.
   It protects you from poison.
 b - a +0 battleaxe of flaming
 w - a +6 antimagic executioner's axe
 x - the +8 battleaxe of the Thing (weapon) {speed, -Tele rF+ rN++ SInv}
   (Trog gifted it to you on level 3 of the Vaults)

   Attacks with this weapon are significantly faster.
   It protects you from fire.
   It greatly protects you from negative energy.
   It lets you see invisible.
   It prevents most forms of teleportation.
 I - a +1 trishula of holy wrath
Missiles
 P - 2 throwing nets (quivered)
Armour
 i - a +2 pair of boots (worn)
 A - +0 ice dragon scales
 K - the +0 cloak "Mita" (worn) {rPois MR+ Int-2 Dex+10}
   (You bought it in a shop on level 8 of the Dungeon)

   It affects your intelligence (-2).
   It affects your dexterity (+10).
   It protects you from poison.
   It affects your resistance to hostile enchantments.
 M - a +2 pair of gloves of dexterity (worn)
 U - +0 storm dragon scales
Magical Staves
 E - an uncursed staff of wizardry
Jewellery
 j - an uncursed ring of flight
 m - a +4 ring of slaying
 n - the ring "Retz" (left hand) {rC+ Str+3 SInv}
   (You found it on level 6 of the Lair of Beasts)

   [ring of strength]

   It affects your strength (+3).
   It protects you from cold.
   It lets you see invisible.
 q - an uncursed ring of resist corrosion
 r - an amulet of regeneration (around neck)
 L - an uncursed ring of protection from fire
 N - an uncursed ring of protection from magic
 S - an uncursed amulet of rage
 W - the ring "Ujeotony" (right hand) {rC+ MR+ Slay+3}
   (You found it on level 4 of the Vaults)

   [ring of protection from cold]

   It affects your accuracy and damage with ranged weapons and melee attacks
   (+3).
   It protects you from cold.
   It affects your resistance to hostile enchantments.
Wands
 o - a wand of disintegration (7/24)
 u - a wand of teleportation (2/9)
 D - a wand of hasting (4/9)
 O - a wand of disintegration (8/24)
Scrolls
 c - 11 scrolls of remove curse
 e - 2 scrolls of identify
 k - 3 scrolls of recharging
 s - 5 scrolls of magic mapping
 v - a scroll of fog
 B - 3 scrolls of teleportation
 H - a scroll of vulnerability
 Z - a scroll of holy word
Potions
 f - a potion of magic
 g - a potion of invisibility
 l - 8 potions of flight
 p - a potion of haste
 t - 13 potions of curing
 C - 3 potions of cancellation
 F - a potion of agility
 G - 3 potions of might
 T - 4 potions of berserk rage
Books
 V - a book of Maledictions

   Spells                             Type                      Level
   a - Corona                         Hexes                        1
   b - Ensorcelled Hibernation        Hexes/Ice                    2
   c - Confuse                        Hexes                        3
   d - Tukima's Dance                 Hexes                        3
   e - Dazzling Spray                 Conjuration/Hexes            3
   Trog disapproves of the use of such an item.
Comestibles
 d - 15 bread rations
 h - 20 chunks of flesh
 J - 2 meat rations
 Q - a slice of pizza
 R - 2 beef jerkies


   Skills:
 + Level 18.4 Fighting
 * Level 25.0 Axes
 + Level 16.4 Dodging
 + Level 5.6 Stealth


You had 19 spell levels left.
You didn't know any spells.

Dungeon Overview and Level Annotations

Branches:
Dungeon (15/15)            Temple (1/1) D:7            Lair (6/6) D:8
  Swamp (0/4) Lair:3        Snake (4/4) Lair:4        Slime (0/5) Lair:6
    Orc (2/2) D:12            Elf (0/3) Orc:2        Vaults (4/5) D:14
  Crypt (0/3) Vaults:3     Depths (0/5) D:15

Altars:
Ashenzari
Cheibriados
Dithmenos
Elyvilon
Fedhas
Gozag
Hepliaklqana
Kikubaaqudgha
Makhleb
Nemelex Xobeh
Okawaru
Qazlal
Ru
Sif Muna
Trog
Uskayaw
Vehumet
Xom
Yredelemnul
Zin
The Shining One
Beogh
Jiyva

Shops:
D:5 (   D:6 [   D:8 [   D:10 *   D:12 }   D:14 ?   Orc:2 **!%?[*   Snake:2 [[(
Vaults:2 [   Vaults:3 *


Innate Abilities, Weirdness & Mutations

You can breathe blasts of scalding, opaque steam.
Your pale cyan-grey scales are hard. (AC +10)
You cannot fit into any form of body armour.
You are cold-blooded and may be slowed by cold attacks.


Message History

The deep elf knight resists with some effort.
The deep elf archer resists with almost no effort.
The ironheart preserver easily resists.
The deep elf archer looks frightened!
The deep elf knight completely misses you.
The yaktaur is engulfed in a cloud of scalding steam.
The ironheart preserver completely misses you.
The deep elf knight closely misses you.
The deep elf archer blinks!
Unknown command.
The deep elf knight gestures at you while chanting.
The stone arrow hits you!
* * * LOW HITPOINT WARNING * * *
The deep elf archer blinks! x2
The ironheart preserver barely misses you.
Things that are here:
an uncursed arbalest; 20 bolts
Okay, then.
You feel agile all of a sudden.
The deep elf knight completely misses you.
The ironheart preserver hits you with an enchanted great mace!
You die...

.(..........#...........#
...<........#...........#
............#......c....#
.......(... #......(....#
........... #...........#
#############......(....#
..........)(...#
#.§.....))((.#
#....@e()....#
#§..ep((.....#
#....((.)...(#
#.....(()....#
#...(()(....(#
#.p..........#
#.......(...(#
#........(...#
..............#


You could see 2 ironheart preservers, a deep elf archer, a deep elf knight and a
yaktaur (fleeing).

Vanquished Creatures
  Jory (Vaults:2)
  A lich (Vaults:4)
  Rupert (Snake:1)
  Asterion (Snake:4)
  A sphinx (Vaults:3)
  Agnes (D:15)
  Kirke (D:12)
  The ghost of Thomus the Severer, an adept HOFi of Okawaru (Snake:1)
  7 nagarajas
  Roxanne (Snake:1)
  2 fire giants
  A frost giant (Vaults:3)
  2 deep elf sorcerers (Vaults:2)
  2 orc warlords (Vaults:4)
  6 vault wardens
  Louise (Snake:2)
  The ghost of dscm the Severer, a journeyman MiFi of Okawaru (Orc:2)
  12 ironheart preservers
  5 stone giants
  An entropy weaver (Vaults:3)
  5 very ugly things
  A war gargoyle (Vaults:4)
  3 deep elf demonologists
  3 deep elf annihilators
  Azrael (Orc:2)
  3 dire elephants (Lair:6)
  2 ettins
  A deep elf high priest (Vaults:4)
  Josephine (Lair:4)
  5 deep elf death magi
  2 great orbs of eyes
  3 fire dragons
  A jiangshi (Vaults:3)
  6 hydras
  7 yaktaur captains
  12 vault guards
  Fannar (Lair:1)
  14 naga warriors
  A catoblepas (Lair:3)
  13 anacondas
  4 centaur warriors
  3 deep troll shamans
  2 ice dragons
  2 death knights
  16 death yaks
  A vampire mage (Vaults:3)
  2 tengu warriors
  10 ogre magi
  4 orc high priests
  17 naga sharpshooters
  7 shock serpents
  11 deep elf knights
  A salamander mystic (Snake:2)
  A storm dragon zombie (Vaults:4)
  The ghost of Apogee the Spear-Bearer, a novice CeGl of Okawaru (D:10)
  A storm dragon skeleton (Vaults:4)
  10 skeletal warriors
  A glowing orange brain (Vaults:4)
  6 deep trolls
  2 wizards (Vaults:3)
  2 unseen horrors
  9 naga ritualists
  2 phantasmal warriors
  11 deep elf archers
  7 ironbrand convokers
  5 harpies (Vaults:1)
  8 mana vipers
  A wolf spider zombie (D:14)
  7 hill giants
  9 orc knights
  12 deep elf magi
  3 necromancers
  3 orc sorcerers
  2 wolf spiders
  45 ugly things
  7 salamanders
  7 cyclopes
  A manticore (D:15)
  An elephant (shapeshifter) (D:14)
  7 elephants (Lair:6)
  3 guardian serpents (Snake:3)
  29 naga magi
  A sphinx skeleton (Vaults:4)
  30 black mambas
  A black mamba (shapeshifter) (Vaults:1)
  11 vault sentinels
  12 spiny frogs
  2 ice statues (IceCv)
  5 kobold demonologists
  A rime drake (Lair:6)
  A redback zombie (D:15)
  8 ice devils (IceCv)
  20 yaktaurs
  2 tengu conjurers
  5 freezing wraiths
  6 komodo dragons
  A yaktaur (shapeshifter) (Vaults:2)
  5 trolls
  A komodo dragon (shapeshifter) (Vaults:3)
  A tyrant leech (shapeshifter) (Vaults:3)
  3 meliai (D:15)
  3 polar bears
  20 two-headed ogres
  Prince Ribbit (D:7)
  4 blink frogs (Lair:3)
  9 hippogriffs
  A meliai zombie (D:11)
  A wind drake (shapeshifter) (Vaults:1)
  22 slime creatures
  7 wraiths
  Sigmund (D:4)
  A spriggan (shapeshifter) (Vaults:3)
  A spriggan (Lair:5)
  2 redbacks (Vaults:3)
  An ettin skeleton (Vaults:4)
  2 fire elementals
  3 hogs (D:12)
  46 yaks
  3 wyverns
  8 basilisks
  A hog (shapeshifter) (Vaults:1)
  A golden eye (shapeshifter) (Vaults:2)
  4 vampire mosquitoes (D:12)
  4 human simulacra
  A warg (shapeshifter) (Vaults:1)
  59 nagas
  4 mottled dragons
  A soldier ant (D:13)
  3 wargs
  11 porcupines
  17 water moccasins
  3 hell hounds
  4 sky beasts
  An ice beast (shapeshifter) (Vaults:1)
  12 ice beasts
  An ettin simulacrum (Vaults:3)
  2 black bears
  7 centaurs
  6 wolves
  42 orc warriors
  3 phantoms
  2 necrophages
  30 ogres
  2 boggarts (Vaults:1)
  22 crocodiles
  2 human skeletons (Vaults:3)
  An elf zombie (D:4)
  24 big kobolds
  18 bullfrogs
  A wyvern zombie (D:13)
  4 scorpions
  An elf simulacrum (Vaults:4)
  6 killer bees (D:9)
  8 wights
  A howler monkey (D:6)
  3 crimson imps
  2 lava snakes (D:14)
  A quasit (D:9)
  4 centaur zombies
  4 human zombies
  3 gnoll shamans
  6 hounds
  3 jellies
  5 centaur skeletons
  28 orc priests
  42 orc wizards
  9 iguanas
  10 worker ants
  A big kobold zombie (Ossuary)
  3 hound zombies
  A hound skeleton (D:4)
  4 mummies (Ossuary)
  A howler monkey zombie (D:5)
  12 gnolls
  A worker ant zombie (D:7)
  28 adders
  4 shadow imps
  6 white imps (IceCv)
  11 ufetubi (IceCv)
  4 oozes
  An adder skeleton (D:6)
  An adder zombie (Ossuary)
  4 worms
  4 dart slugs
  12 leopard geckos
  105 orcs
  2 ball pythons (D:3)
  6 bats
  7 giant cockroaches
  A gnoll zombie (Ossuary)
  16 goblins
  6 hobgoblins
  11 jackals
  29 kobolds
  4 quokkas
  6 frilled lizards
  A goblin zombie (Ossuary)
  A hobgoblin zombie (Ossuary)
  A kobold zombie (Ossuary)
  2 orc zombies
  A quokka zombie (D:5)
  10 rats
  2 rat zombies (Ossuary)
  8 fungi
  8 plants
1423 creatures vanquished.

Vanquished Creatures (collateral kills)
  Mennas (Vaults:2)
  2 storm dragons (Vaults:4)
  Aizul (Vaults:1)
  A ghoul (Vaults:2)
  A dire elephant (Lair:6)
  An orc high priest (Orc:2)
  A naga sharpshooter (Snake:4)
  A wolf spider (Vaults:2)
  5 naga magi
  A warg (Orc:2)
  6 nagas
  2 hell hounds (Orc:2)
  An orc warrior (Orc:2)
  2 ogres
  3 orc priests (Orc:2)
  2 orcs
31 creatures vanquished.

Vanquished Creatures (others)
  A reaper (IceCv)
  A tarantella (Vaults:3)
  2 white imps (IceCv)
  An ufetubus (IceCv)
  An orc (Orc:1)
  3 fungi (Lair:6)
  8 plants
17 creatures vanquished.

Grand Total: 1471 creatures vanquished

Notes
Turn   | Place    | Note
-------+----------+-------------------------------------------
     0 | D:1      | Alarkh the Draconian Monk began the quest for the Orb.
     0 | D:1      | Reached XP level 1. HP: 19/19 MP: 1/1
   117 | D:1      | Reached XP level 2. HP: 23/26 MP: 2/2
   220 | D:1      | Reached skill level 4 in Axes
   518 | D:1      | HP: 1/26 [leopard gecko (4)]
   520 | D:1      | Reached XP level 3. HP: 2/31 MP: 3/3
  1234 | D:1      | Reached XP level 4. HP: 10/38 MP: 4/4
  1270 | D:1      | Reached skill level 5 in Axes
  1678 | D:2      | Found a snail-covered altar of Cheibriados.
  2094 | D:3      | Reached XP level 5. HP: 23/45 MP: 5/5
  2259 | D:3      | Reached skill level 6 in Axes
  2448 | D:4      | Noticed Sigmund
  2713 | D:4      | Reached XP level 6. HP: 44/51 MP: 6/6
  2792 | D:4      | HP: 2/51 [elf zombie (6)]
  2798 | D:4      | Reached skill level 7 in Axes
  2865 | D:4      | Found a sand-covered staircase.
  3029 | Ossuary  | Entered an ossuary
  3485 | Ossuary  | Reached skill level 8 in Axes
  3526 | Ossuary  | Your scales start taking on a pale cyan-grey colour.
  3526 | Ossuary  | Reached XP level 7. HP: 28/57 MP: 7/7
  3812 | D:4      | Got a crystal hand axe
  3813 | D:4      | Identified the +9 hand axe of Jufyag {freeze, rF+ rC+ Int+2} (You found it on level 4 of the Dungeon)
  3907 | D:4      | Killed Sigmund
  4140 | D:3      | Reached skill level 9 in Axes
  5035 | D:4      | Reached XP level 8. HP: 56/64 MP: 8/8
  5315 | D:5      | Entered Level 5 of the Dungeon
  5649 | D:5      | Found Pasecem's Weapon Boutique.
  6117 | D:6      | Found Ilol's Armour Shop.
  6139 | D:6      | Reached skill level 10 in Axes
  6389 | D:6      | Reached skill level 5 in Fighting
  6601 | D:6      | Found a shimmering altar of Xom.
  6725 | D:7      | Reached XP level 9. HP: 74/74 MP: 9/9
  6787 | D:7      | Reached skill level 11 in Axes
  6917 | D:7      | Found a staircase to the Ecumenical Temple.
  6947 | Temple   | Entered the Ecumenical Temple
  7038 | Temple   | Became a worshipper of Trog the Wrathful
  7038 | Temple   | Reached * piety under Trog
  7038 | Temple   | Reached ** piety under Trog
  7183 | D:7      | Noticed Prince Ribbit
  7190 | D:7      | Killed Prince Ribbit
  7190 | D:7      | Reached skill level 5 in Dodging
  7310 | D:7      | Noticed a cyclops
  7315 | D:7      | Killed a cyclops
  7492 | D:8      | Reached skill level 12 in Axes
  7733 | D:8      | Reached XP level 10. HP: 78/86 MP: 10/10
  7795 | D:8      | Found Issig's Antique Armour Shop.
  7798 | D:8      | Bought a heavily runed cloak for 218 gold pieces
  7808 | D:8      | Identified the cursed +0 cloak "Mita" {rPois MR+ Int-2 Dex+10} (You bought it in a shop on level 8 of the Dungeon)
  7872 | D:8      | Found an iron altar of Okawaru.
  7872 | D:8      | Found a blossoming altar of Fedhas.
  7883 | D:8      | Found a stormy altar of Qazlal.
  7932 | D:8      | Found a staircase to the Lair.
  8035 | D:8      | Reached *** piety under Trog
  8397 | Lair:1   | Entered Level 1 of the Lair of Beasts
  8415 | Lair:1   | Noticed an eight-headed hydra
  8425 | Lair:1   | Noticed a spiny frog
  8432 | Lair:1   | Noticed a spiny frog
  8443 | Lair:1   | Received a gift from Trog
  8666 | Lair:1   | Noticed a black mamba
  8681 | Lair:1   | Noticed Fannar
  8681 | Lair:1   | Killed a black mamba
  8712 | Lair:1   | Killed Fannar
  8712 | Lair:1   | Reached skill level 13 in Axes
  9344 | Lair:1   | Noticed a spiny frog
  9354 | Lair:1   | Killed a spiny frog
  9364 | Lair:1   | Killed a spiny frog
  9364 | Lair:1   | Reached XP level 11. HP: 41/95 MP: 11/11
 10017 | D:9      | Found a basalt altar of Yredelemnul.
 10505 | D:9      | Reached **** piety under Trog
 10855 | D:10     | Entered Level 10 of the Dungeon
 10882 | D:10     | Reached skill level 14 in Axes
 10992 | D:10     | Found Fecsosm's General Store.
 11000 | D:10     | Bought a +0 scale mail for 52 gold pieces
 11000 | D:10     | Bought a scroll of brand weapon for 260 gold pieces
 11120 | D:10     | Noticed Apogee's ghost (novice CeGl)
 11131 | D:10     | Killed Apogee's ghost
 11192 | D:10     | Reached ***** piety under Trog
 11619 | D:11     | Noticed a hill giant
 11629 | D:11     | Killed a hill giant
 11629 | D:11     | Reached skill level 10 in Fighting
 11686 | D:11     | Received a gift from Trog
 12322 | D:11     | Reached XP level 12. HP: 97/106 MP: 12/12
 12448 | D:12     | Found a staircase to the Orcish Mines.
 12463 | D:12     | Found a roughly hewn altar of Beogh.
 12530 | Orc:1    | Entered Level 1 of the Orcish Mines
 12537 | Orc:1    | Reached skill level 15 in Axes
 12895 | Orc:1    | Found a roughly hewn altar of Beogh.
 12895 | Orc:1    | Noticed an orc high priest
 12910 | Orc:1    | Killed an orc high priest
 12916 | Orc:1    | Received a gift from Trog
 13304 | Lair:1   | Killed a three-headed hydra
 14170 | Lair:3   | Noticed a death yak
 14173 | Lair:3   | Noticed a death yak
 14173 | Lair:3   | Noticed a death yak
 14173 | Lair:3   | Noticed a death yak
 14174 | Lair:3   | Noticed a death yak
 14174 | Lair:3   | Noticed a death yak
 14183 | Lair:3   | Killed a death yak
 14184 | Lair:3   | Noticed a catoblepas
 14188 | Lair:3   | Killed a death yak
 14193 | Lair:3   | Killed a death yak
 14196 | Lair:3   | Killed a death yak
 14197 | Lair:3   | Killed a death yak
 14201 | Lair:3   | Killed a death yak
 14201 | Lair:3   | Reached skill level 16 in Axes
 14211 | Lair:3   | Killed a catoblepas
 14343 | Lair:3   | Reached XP level 13. HP: 71/116 MP: 13/13
 14391 | Lair:3   | Received a gift from Trog
 14477 | Lair:3   | Reached skill level 10 in Dodging
 14727 | Lair:3   | Reached ****** piety under Trog
 14841 | Lair:3   | Found a staircase to the Swamp.
 15030 | Lair:3   | Reached skill level 17 in Axes
 15030 | Lair:3   | Reached XP level 14. HP: 125/125 MP: 14/14
 15090 | Lair:4   | Found a staircase to the Snake Pit.
 15146 | Lair:4   | Noticed Josephine
 15155 | Lair:4   | Killed Josephine
 15159 | Lair:4   | Received a gift from Trog
 16027 | Lair:5   | Reached skill level 18 in Axes
 16713 | Lair:5   | Identified Cesto's Reference Book on Ignition and Protection
 17080 | Lair:6   | Entered Level 6 of the Lair of Beasts
 17193 | Lair:6   | Found a viscous altar of Jiyva.
 17262 | Lair:6   | Found a frozen archway.
 17324 | Lair:6   | Reached skill level 19 in Axes
 17324 | Lair:6   | Reached XP level 15. HP: 133/134 MP: 15/15
 17327 | IceCv    | Entered an ice cave
 17576 | IceCv    | HP: 6/134 [ice devil (13)]
 17576 | IceCv    | HP: 2/134 [ice devil (4)]
 18727 | Lair:6   | Found a staircase to the Slime Pits.
 19198 | Lair:6   | Received a gift from Trog
 19748 | Lair:6   | Reached XP level 16. HP: 124/141 MP: 16/16
 19766 | Lair:6   | Got a pitted lapis lazuli ring
 19768 | Lair:6   | Identified the ring "Retz" {rC+ Str+3 SInv} (You found it on level 6 of the Lair of Beasts)
 20344 | Orc:2    | Entered Level 2 of the Orcish Mines
 20345 | Orc:2    | Found Uxel's Armour Shop.
 20350 | Orc:2    | Found a staircase to the Elven Halls.
 20380 | Orc:2    | Noticed dscm's ghost (journeyman MiFi)
 20393 | Orc:2    | Killed dscm's ghost
 20625 | Orc:2    | Found Puutz's Food Shoppe.
 20625 | Orc:2    | Found Kourant's Assorted Antiques.
 20625 | Orc:2    | Found Siyrhuk's Distillery.
 20628 | Orc:2    | Received a gift from Trog
 20640 | Orc:2    | Found Cocs's Magic Scroll Emporium.
 20652 | Orc:1    | HP: 3/144 [orc priest/divine providence (10)]
 21207 | Orc:2    | Noticed Azrael
 21214 | Orc:2    | Killed Azrael
 21223 | Orc:2    | Bought a scroll of identify for 30 gold pieces
 21223 | Orc:2    | Bought a scroll of identify for 30 gold pieces
 21410 | Orc:2    | Found Nosilo's General Store.
 21587 | Orc:2    | Found Mosunty's Assorted Antiques.
 21603 | Orc:2    | Bought an onyx ring for 145 gold pieces
 21603 | Orc:2    | Bought a copper ring for 145 gold pieces
 21814 | Orc:2    | Bought a cyan potion for 26 gold pieces
 21896 | Orc:1    | Reached skill level 20 in Axes
 22243 | D:12     | Noticed Kirke
 22265 | D:12     | Killed Kirke
 22422 | D:12     | Found Viudoamy's Gadget Shoppe.
 22974 | D:13     | Received a gift from Trog
 22975 | D:13     | Got an ichor-stained executioner's axe {god gift}
 22976 | D:13     | Identified the +9 executioner's axe "Owynt" {chop, rPois} (Trog gifted it to you on level 13 of the Dungeon)
 23867 | D:14     | Found a gate to the Vaults.
 24049 | D:14     | Found Aqoicaf's Magic Scroll Shoppe.
 24060 | D:14     | Bought a scroll of teleportation for 45 gold pieces
 24213 | D:14     | Received a gift from Trog
 24249 | D:15     | Entered Level 15 of the Dungeon
 24674 | D:15     | Noticed Agnes
 24682 | D:15     | Killed Agnes
 24720 | D:15     | Upgraded the game from 0.19.1-1-g22dce08 to 0.19.1-28-ge1247f7
 25095 | D:15     | Found a staircase to the Depths.
 25235 | D:15     | Reached XP level 17. HP: 154/154 MP: 17/17
 25632 | D:15     | Reached skill level 21 in Axes
 26391 | Snake:1  | Entered Level 1 of the Snake Pit
 26391 | Snake:1  | Noticed Thomus's ghost (adept HOFi)
 26468 | Snake:1  | Killed Thomus's ghost
 26769 | Snake:1  | Noticed Roxanne
 27205 | Snake:1  | Received a gift from Trog
 27213 | Snake:1  | Noticed Rupert
 27222 | Snake:1  | Killed Rupert
 27422 | Snake:1  | Killed Roxanne
 27661 | Snake:2  | Noticed Louise
 27786 | Snake:2  | Killed Louise
 28099 | Snake:1  | HP: 7/154 [poisoned by a nagaraja (poison arrow)]
 28104 | Snake:1  | HP: 5/154 [poisoned by a nagaraja (poison arrow)]
 28109 | Snake:1  | HP: 3/154 [poisoned by a nagaraja (poison arrow)]
 28114 | Snake:1  | HP: 3/154 [poisoned by a nagaraja (poison arrow)]
 28121 | Snake:1  | HP: 4/154 [poisoned by a nagaraja (poison arrow)]
 28129 | Snake:1  | HP: 4/154 [poisoned by a nagaraja (poison arrow)]
 28607 | Snake:2  | Reached skill level 15 in Fighting
 28655 | Snake:2  | Found Ofiokhlo's Antique Armour Boutique.
 28709 | Snake:2  | Found Biumun's Antique Weapon Boutique.
 28975 | Snake:2  | HP: 5/156 [naga sharpshooter/arrow (24)]
 28988 | Snake:2  | HP: 7/156 [naga sharpshooter/arrow (7)]
 29712 | Snake:2  | Found Vapif's Antique Armour Shop.
 29718 | Snake:2  | Bought a pair of runed boots for 388 gold pieces
 29884 | Snake:3  | Received a gift from Trog
 29885 | Snake:3  | Got a slimy broad axe {god gift}
 29886 | Snake:3  | Identified the +6 broad axe "Uteepig" {drain, Dex+3 Stlth+} (Trog gifted it to you on level 3 of the Snake Pit)
 30375 | Snake:3  | Reached skill level 22 in Axes
 30545 | Snake:3  | Reached XP level 18. HP: 60/163 MP: 18/18
 31296 | Snake:4  | Entered Level 4 of the Snake Pit
 31357 | Snake:4  | Identified a scroll of acquirement
 31382 | Snake:4  | Noticed Asterion
 31397 | Snake:4  | Killed Asterion
 31445 | Snake:4  | Got a pair of warped boots
 31456 | Snake:4  | Identified the +0 pair of boots of the Lair of Beasts {+Blink +Inv rC- Int+6} (You acquired it on level 4 of the Snake Pit)
 32395 | Snake:4  | Received a gift from Trog
 33051 | Snake:4  | Got a serpentine rune of Zot
 33992 | Vaults:1 | Entered Level 1 of the Vaults
 34013 | Vaults:1 | Noticed Aizul
 34021 | Vaults:1 | Killed Aizul
 34309 | Vaults:1 | Reached skill level 23 in Axes
 34449 | Vaults:1 | Received a gift from Trog
 34644 | Vaults:1 | Reached XP level 19. HP: 108/174 MP: 19/19
 35272 | Vaults:1 | Received a gift from Trog
 35307 | Vaults:1 | Reached skill level 15 in Dodging
 35760 | Vaults:2 | Received a gift from Trog
 36439 | Vaults:2 | Noticed Mennas
 36448 | Vaults:2 | Killed Mennas
 36448 | Vaults:2 | Reached skill level 24 in Axes
 36564 | Vaults:2 | Noticed Jory
 36619 | Vaults:2 | Killed Jory
 36681 | Vaults:2 | Found Jipreuma's Antique Armour Emporium.
 36825 | Vaults:2 | Bought an embroidered cloak for 336 gold pieces
 36825 | Vaults:2 | Bought a pair of embroidered gloves for 336 gold pieces
 36904 | Vaults:2 | Received a gift from Trog
 37028 | Vaults:2 | Reached XP level 20. HP: 187/187 MP: 20/20
 37350 | Vaults:3 | Received a gift from Trog
 37352 | Vaults:3 | Got an encrusted battleaxe {god gift}
 37353 | Vaults:3 | Identified the +8 battleaxe of the Thing {speed, -Tele rF+ rN++ SInv} (Trog gifted it to you on level 3 of the Vaults)
 37571 | Vaults:3 | Found a staircase to the Crypt.
 38104 | Vaults:3 | Found Yseur's General Store.
 38114 | Vaults:3 | Bought a scroll of enchant armour for 142 gold pieces
 38795 | Vaults:4 | Received a gift from Trog
 38903 | Vaults:4 | Reached skill level 5 in Stealth
 38995 | Vaults:4 | Got a scintillating marble ring
 39015 | Vaults:4 | Identified the ring "Ujeotony" {rC+ MR+ Slay+3} (You found it on level 4 of the Vaults)
 39118 | Vaults:4 | Reached skill level 25 in Axes
 39258 | Vaults:4 | HP: 9/189 [yaktaur/bolt[a yaktaur captain] (4)]
 39262 | Vaults:4 | Slain by an ironheart preserver

Skill      XL: |  1  2  3  4  5  6  7  8  9 10 11 12 13 14 15 16 17 18 19 20 |
---------------+-------------------------------------------------------------+-----
Axes           | 4 5 6 8 9 10 12 13 14 16 17 19 20 22 23 24 25 | 25.0
Dodging        | 4 5 7 8 9 10 11 12 13 14 15 16 | 16.4
Fighting       | 5 7 8 10 11 12 14 15 16 17 18 | 18.4
Stealth        | 5 |  5.6

Action                   |  1- 3 |  4- 6 |  7- 9 | 10-12 | 13-15 | 16-18 | 19-21 || total
-------------------------+-------+-------+-------+-------+-------+-------+-------++-------
Melee: Hand axe          |   134 |   310 |   310 |   671 |   706 |   344 |       ||  2475
       Tailslap          |    12 |    46 |    35 |   144 |   158 |   287 |   175 ||   857
       Executioner's axe |       |       |       |       |       |   916 |   414 ||  1330
       Battleaxe         |       |       |       |       |       |       |   345 ||   345
Invok: Berserk           |       |       |     1 |     6 |     8 |    33 |    16 ||    64
       Brothers in Arms  |       |       |       |       |     2 |     7 |     4 ||    13
       Trog's Hand       |       |       |       |       |       |     1 |     1 ||     2
 Abil: Breathe Steam     |       |       |     5 |    10 |     3 |    22 |     9 ||    49
Evoke: Wand              |       |     7 |     1 |     1 |     1 |     5 |       ||    15
  Use: Potion            |     1 |     2 |       |       |     5 |     4 |     2 ||    14
       Scroll            |       |     6 |    10 |    10 |     8 |    22 |     5 ||    61
 Stab: Sleeping          |     5 |     4 |    20 |    16 |    16 |    14 |     8 ||    83
       Distracted        |       |       |       |     3 |       |    10 |     4 ||    17
  Eat: Chunk             |    17 |     6 |     9 |    24 |    51 |    58 |    31 ||   196
       Bread ration      |       |       |       |     1 |       |     2 |       ||     3
       Meat ration       |       |       |       |       |       |     2 |       ||     2
Armor: Skin              |    45 |   104 |    45 |    99 |    74 |   173 |    68 ||   608
Dodge: Dodged            |   110 |   148 |   136 |   370 |   454 |  1123 |   552 ||  2893
Block: Other             |       |       |    10 |    49 |    17 |       |       ||    76
